Map: [ESL] Gresvan

Players

trigger - Winner!

  • Race: Protoss Protoss
  • League: Grandmaster
  • Spawn Location: 5:00

HeroMarine

  • Race: Terran Terran
  • Spawn Location: 11:00

Event: HomeStory Cup XXIII

VOD

Have the link to the VOD?

Description

Time

  • Played on: June 30, 2023, 3:54 p.m.
  • Length: 30:11

All games in this series

Show
View Real Time Build Order
Export as new Build Order

trigger Protoss - Winner!

Build Orders: 1 Gate Expand, Blink Stalkers, Colossus Rush 

Get SALT Encoding   

  12  0:00  Probe  
  13  0:12  Probe  
  14  0:16  Pylon  
  14  0:24  Probe (Chrono Boost)  
  15  0:35  Probe (Chrono Boost), Gateway  
  16  0:40  Probe  
  17  0:45  Assimilator  
  17  0:52  Probe  
  18  1:04  Probe  
  19  1:17  Probe  
  20  1:22  Cybernetics Core  
  20  1:31  Nexus  
  20  1:35  Probe  
  21  1:43  Pylon  
  21  1:47  Assimilator  
  21  1:50  Probe  
  22  1:58  Adept (Chrono Boost)  
  22  1:59  Warp Gate  
  24  2:02  Probe  
  25  2:15  Probe  
  26  2:21  Stalker  
  28  2:27  Probe (Chrono Boost)  
  29  2:31  Twilight Council  
  29  2:36  Probe (Chrono Boost)  
  30  2:43  Probe (Chrono Boost)  
  32  2:46  Probe (Chrono Boost)  
  33  2:52  Probe (Chrono Boost)  
  33  2:55  Probe (Chrono Boost), Gateway  
  33  2:57  Probe (Chrono Boost)  
  34  3:04  Blink (Chrono Boost)  
  34  3:05  Probe  
  36  3:09  Probe  
  37  3:17  Probe  
  37  3:18  Stalker  
  40  3:23  Probe  
  41  3:27  Gateway  
  41  3:29  Probe  
  41  3:33  Pylon  
  42  3:39  Probe  
  43  3:50  Stalker  
  45  4:00  Probe (Chrono Boost)  
  45  4:02  Probe (Chrono Boost)  
  41  4:13  Probe (Chrono Boost), Robotics Facility  
  41  4:14  Probe (Chrono Boost)  
  42  4:18  Probe (Chrono Boost)  
  42  4:20  Stalker x2  
  42  4:21  Stalker  
  42  4:23  Probe  
  50  4:30  Probe  
  51  4:31  Pylon  
  51  4:32  Pylon  
  51  4:45  Nexus  
  51  4:49  Probe x2  
  53  4:54  Assimilator  
  53  4:59  Assimilator  
  53  5:01  Probe, Observer (Chrono Boost)  
  53  5:03  Probe, Robotics Bay  
  56  5:08  Pylon  
  56  5:13  Probe  
  57  5:15  Probe  
  57  5:18  Charge  
  57  5:19  Gateway  
  58  5:25  Probe  
  58  5:27  Probe  
  60  5:36  Gateway  
  60  5:37  Probe  
  60  5:38  Pylon  
  60  5:39  Probe  
  60  5:46  Colossus (Chrono Boost)  
  61  5:51  Probe (Chrono Boost)  
  61  5:54  Probe (Chrono Boost)  
  68  5:58  Probe (Chrono Boost)  
  68  6:02  Gateway  
  71  6:05  Gateway  
  71  6:07  Probe x2 (Chrono Boost)  
  71  6:09  Shield Battery  
  71  6:11  Shield Battery  
  71  6:18  Stalker x3  
  73  6:21  Stalker  
  78  6:30  Probe x2 (Chrono Boost)  
  78  6:32  Stalker  
  80  6:34  Probe (Chrono Boost)  
  78  6:43  Probe (Chrono Boost)  
  78  6:44  Probe x2 (Chrono Boost)  
  77  6:49  Zealot  
  77  6:50  Zealot x3  
  77  6:52  Probe x2  
  89  6:54  Warp Prism (Chrono Boost)  
  89  6:57  Zealot x2  
  89  7:02  Templar Archives  
  89  7:03  Zealot  
  91  7:10  Zealot x4  
  91  7:12  Pylon  
  91  7:13  Pylon  
  99  7:16  Gateway  
  99  7:19  Gateway  
  99  7:26  Stalker  
  99  7:29  Pylon  
  78  7:44  Stalker x2  
  78  7:45  Zealot x3, Stalker  
  78  7:50  Stalker  
  80  8:06  Stalker x3  
  80  8:10  Stalker x4  
  84  8:13  High Templar x2  
  84  8:18  Archon  
  88  8:26  Nexus  
  88  8:32  Immortal (Chrono Boost)  
  88  8:34  Zealot x7  
  106  8:53  Stalker x2  
  108  9:01  Stalker x6  
  114  9:07  Assimilator  
  114  9:08  Zealot  
  118  9:10  Warp Prism (Chrono Boost)  
  118  9:11  Forge  
  118  9:16  Zealot x2  
  122  9:21  Probe x2  
  122  9:23  Pylon  
  122  9:24  Pylon  
  103  9:42  Protoss Ground Weapons Level 1 (Chrono Boost)  
  93  9:47  Stalker x8  
  109  9:53  Probe x3  
  109  9:59  Stalker  
  114  10:08  Probe  
  114  10:13  Zealot x2, Stalker x4  
  107  10:22  Stalker x3  
  101  10:31  Probe  
  101  10:32  Probe x3  
  101  10:33  Photon Cannon  
  105  10:40  Zealot x4  
  111  10:44  Zealot x2  
  115  10:52  Zealot x2  
  111  11:00  Zealot x3  
  97  11:05  Probe x2  
  97  11:08  Forge  
  99  11:14  Stalker x6  
  111  11:28  Zealot x3  
  114  11:40  Gateway  
  114  11:41  Zealot x5  
  114  11:42  Colossus (Chrono Boost)  
  112  11:50  Zealot x5  
  112  11:51  Protoss Ground Weapons Level 2 (Chrono Boost)  
  110  11:58  Protoss Ground Armor Level 1 (Chrono Boost)  
  110  11:59  Extended Thermal Lance  
  108  12:01  Robotics Facility  
  108  12:02  Zealot x2  
  108  12:03  Zealot  
  114  12:13  Pylon  
  114  12:16  High Templar x4  
  114  12:17  Zealot x2  
  114  12:19  Assimilator  
  126  12:23  Observer, Stalker  
  126  12:26  Archon  
  126  12:27  Archon  
  126  12:29  Stalker x2  
  129  12:40  Zealot x2  
  133  12:44  Probe  
  133  12:45  Colossus (Chrono Boost)  
  133  12:48  Colossus (Chrono Boost)  
  144  12:56  Zealot x6  
  156  12:59  Pylon  
  156  13:01  Zealot x2  
  160  13:15  Dark Shrine  
  160  13:18  Stalker  
  162  13:20  Nexus  
  162  13:28  Stalker x4  
  170  13:34  Pylon  
  170  13:38  Disruptor (Chrono Boost)  
  171  13:50  Probe, Protoss Ground Armor Level 2 (Chrono Boost)  
  171  13:51  Pylon x2  
  171  13:52  Probe, Pylon  
  171  13:53  Observer (Chrono Boost)  
  174  13:56  Zealot x2  
  174  13:57  Zealot  
  174  14:00  Protoss Ground Weapons Level 3 (Chrono Boost)  
  180  14:07  Shield Battery  
  180  14:08  Shield Battery  
  180  14:09  Zealot x2, Photon Cannon  
  176  14:21  Stalker x4  
  174  14:29  Disruptor x2  
  180  14:34  Probe x2  
  182  14:44  Zealot x5  
  135  15:01  Zealot x3  
  135  15:02  Probe x2  
  135  15:04  Disruptor (Chrono Boost)  
  142  15:09  Zealot x5  
  142  15:10  Observer  
  142  15:12  Disruptor (Chrono Boost)  
  153  15:18  Stalker  
  155  15:23  Probe  
  155  15:27  Probe  
  157  15:33  Observer  
  148  15:37  Disruptor (Chrono Boost)  
  148  15:41  Observer (Chrono Boost)  
  152  15:45  Nexus  
  152  15:47  Zealot  
  135  15:57  Disruptor (Chrono Boost), Pylon, Shadow Stride (Chrono Boost)  
  135  15:58  Probe  
  135  16:01  Dark Templar  
  142  16:13  Zealot x5  
  142  16:14  Zealot x3, Observer (Chrono Boost)  
  142  16:15  Zealot  
  160  16:21  Shield Battery  
  160  16:23  Photon Cannon  
  160  16:25  Disruptor  
  160  16:28  Observer  
  164  16:38  Zealot x5  
  164  16:39  Zealot x4  
  182  16:49  Observer  
  182  16:51  Assimilator  
  183  16:56  Protoss Ground Armor Level 3 (Chrono Boost)  
  178  17:15  Zealot x8  
  180  17:16  Zealot x2  
  194  17:23  Nexus  
  192  17:34  Shield Battery  
  192  17:35  Photon Cannon  
  190  17:37  Stalker  
  190  17:38  Stalker x4  
  200  17:52  Pylon  
  200  18:09  Dark Templar x3  
  195  18:22  Probe x2  
  195  18:25  Photon Cannon  
  191  18:27  Photon Cannon  
  177  18:35  Dark Templar x2  
  177  18:36  Nexus, Dark Templar x5  
  189  18:47  Dark Templar x2  
  156  19:17  Stalker x8  
  156  19:20  Pylon  
  172  19:30  Probe  
  172  19:40  Zealot x4  
  180  19:56  Photon Cannon  
  180  20:00  Stalker x2  
  180  20:01  Zealot x8  
  190  20:13  Observer  
  181  20:17  Probe  
  172  20:28  Zealot x7  
  172  20:29  Zealot x3  
  172  20:32  Nexus  
  192  20:40  Probe x2  
  194  20:43  Nexus  
  192  20:51  Nexus  
  192  20:54  Pylon  
  189  20:58  Pylon  
  189  20:59  Zealot x5  
  199  21:06  Stargate  
  199  21:15  Photon Cannon  
  199  21:21  Photon Cannon  
  199  21:25  Stalker x2  
  199  21:27  Assimilator, Shield Battery  
  199  21:28  Shield Battery  
  199  21:38  Pylon  
  199  21:49  Assimilator  
  199  21:52  Photon Cannon  
  199  21:53  Photon Cannon  
  199  21:55  Photon Cannon  
  199  21:57  Pylon  
  199  22:03  Probe  
  188  22:12  Zealot x4  
  188  22:13  Zealot x6  
  194  22:17  Disruptor x2  
  179  22:31  Probe x3  
  179  22:32  Probe x2  
  179  22:34  Assimilator  
  176  22:37  Zealot x8  
  176  22:38  Zealot x2, Assimilator  
  176  22:41  Probe  
  176  22:43  Probe  
  182  22:49  Observer  
  180  22:54  Probe  
  177  23:03  Zealot x8  
  193  23:06  Zealot  
  193  23:07  Disruptor  
  173  23:24  Probe x3  
  173  23:25  Nexus, Probe x2  
  178  23:28  Disruptor  
  178  23:30  Shield Battery  
  176  23:38  Zealot x10  
  176  23:40  Gateway  
  187  23:42  Gateway  
  187  23:43  Disruptor, Void Ray (Chrono Boost)  
  174  24:00  Stalker x7  
  174  24:01  Stalker x3  
  184  24:34  Nexus  
  184  24:36  Zealot x8  
  200  24:45  Photon Cannon  
  190  25:02  Stalker x3  
  190  25:03  Stalker x4  
  194  25:10  Zealot  
  194  25:11  Zealot x2  
  146  25:25  Disruptor (Chrono Boost)  
  146  25:26  Disruptor (Chrono Boost)  
  145  25:28  Zealot x7  
  153  25:36  Stalker  
  153  25:37  Stalker  
  152  25:43  Protoss Shields Level 1  
  152  25:48  Probe x3  
  155  25:57  Disruptor (Chrono Boost)  
  155  25:58  Probe, Disruptor (Chrono Boost)  
  155  25:59  Zealot x8  
  155  26:03  Zealot x2, Assimilator  
  180  26:04  Assimilator  
  180  26:24  Probe (Chrono Boost)  
  173  26:27  Observer  
  173  26:32  Probe x4 (Chrono Boost)  
  181  26:33  Probe x3 (Chrono Boost)  
  181  26:38  Probe x2 (Chrono Boost)  
  183  26:40  Stalker x5  
  183  26:41  Stalker x3  
  183  26:42  Probe  
  183  26:45  Assimilator  
  197  26:47  Assimilator  
  183  26:55  Zealot x2  
  183  26:58  Probe x2  
  183  27:00  Probe, Pylon  
  176  27:17  Zealot, Stalker x4  
  176  27:18  Probe  
  176  27:22  Zealot x4  
  189  27:24  Zealot x3  
  189  27:26  Probe x3  
  189  27:27  Pylon  
  177  27:40  Probe  
  161  27:48  Disruptor (Chrono Boost)  
  161  27:50  Zealot x8  
  170  27:54  Probe x2  
  170  27:55  Probe  
  179  27:58  Disruptor (Chrono Boost)  
  179  28:03  Photon Cannon  
  179  28:04  Shield Battery  
  179  28:05  Zealot x3  
  177  28:06  Zealot  
  177  28:07  Gateway  
  180  28:19  Disruptor (Chrono Boost), Zealot x7  
  190  28:20  Zealot  
  190  28:24  Disruptor (Chrono Boost)  
  198  28:28  Probe (Chrono Boost)  
  198  28:32  Nexus  
  198  28:33  Pylon  
  199  28:37  Probe (Chrono Boost)  
  188  28:41  Zealot x4  
  188  28:42  Zealot  
  190  28:52  Stalker x7  
  190  28:53  Probe x4  
  190  28:54  Probe  
  190  28:55  Probe  
  193  29:03  Dark Templar  
  188  29:15  Probe  
  188  29:16  Stalker x4  
  192  29:17  Probe  
  191  29:24  Probe x2  
  159  29:54  Zealot x7  
  159  29:55  Zealot x5  
  162  30:09  Dark Templar  
Show
View Real Time Build Order
Export as new Build Order

HeroMarine Terran 

Build Orders:  

Get SALT Encoding   

  12  0:00  SCV  
  13  0:12  SCV  
  14  0:17  Supply Depot  
  14  0:24  SCV  
  15  0:38  SCV  
  15  0:40  Barracks  
  16  0:42  Refinery  
  16  0:50  SCV  
  17  1:02  SCV  
  18  1:14  SCV  
  19  1:28  Orbital Command, Marine  
  20  1:42  Command Center  
  20  1:46  Barracks Reactor  
  20  1:51  Supply Depot  
  20  1:54  SCV  
  21  2:06  SCV  
  22  2:09  Factory  
  22  2:18  SCV  
  22  2:20  Refinery  
  22  2:22  Marine x2  
  25  2:30  SCV  
  26  2:42  Marine x2, SCV  
  29  2:52  Starport  
  29  2:55  Orbital Command, SCV  
  30  3:04  Hellion  
  34  3:05  Hellion  
  34  3:07  SCV  
  35  3:19  SCV  
  36  3:22  SCV  
  41  3:31  SCV  
  38  3:34  SCV  
  38  3:39  Factory Tech Lab, Supply Depot  
  38  3:40  Marine  
  38  3:41  Marine  
  41  3:43  SCV  
  41  3:47  Fusion Core, SCV  
  42  3:55  SCV  
  41  3:59  SCV  
  41  4:02  Marine x2  
  42  4:07  SCV, Siege Tank  
  42  4:09  Starport Tech Lab, Refinery  
  42  4:11  SCV, Supply Depot  
  43  4:19  SCV, Marine  
  43  4:20  Marine  
  43  4:22  Bunker  
  43  4:23  SCV  
  47  4:31  SCV  
  47  4:36  Battlecruiser, SCV  
  55  4:40  Marine  
  55  4:42  Marine  
  55  4:43  SCV  
  58  4:48  SCV  
  58  4:52  Siege Tank, Supply Depot  
  62  5:00  Supply Depot  
  62  5:09  Command Center  
  62  5:10  SCV x2  
  64  5:16  Supply Depot  
  64  5:17  Marine x2  
  66  5:22  SCV x2, Refinery  
  66  5:25  Siege Tank  
  71  5:34  SCV x2  
  73  5:44  Battlecruiser  
  81  5:52  Command Center  
  81  5:54  SCV  
  81  5:56  SCV  
  81  6:02  Marine  
  81  6:03  Marine, Siege Tank  
  86  6:07  SCV, Supply Depot  
  86  6:08  SCV  
  86  6:19  SCV  
  86  6:20  Marine x2  
  86  6:21  SCV  
  90  6:31  SCV  
  91  6:33  SCV  
  91  6:38  Marine x2  
  94  6:42  Refinery  
  94  6:43  SCV  
  94  6:45  SCV, Refinery  
  96  6:48  Battlecruiser  
  96  6:50  Siege Tank  
  99  6:54  Orbital Command  
  99  6:55  SCV  
  99  6:57  SCV  
  101  7:04  Marine x2  
  101  7:05  Barracks  
  101  7:08  Barracks, SCV  
  104  7:10  SCV, Supply Depot  
  104  7:12  Weapon Refit, Supply Depot  
  105  7:18  Engineering Bay  
  105  7:22  Siege Tank  
  108  7:23  SCV x2  
  108  7:24  SCV  
  108  7:29  Marine x2  
  112  7:35  SCV  
  112  7:36  SCV x2  
  100  7:45  Bunker  
  100  7:47  Marine x2, Supply Depot  
  100  7:48  SCV x3  
  105  7:52  Battlecruiser  
  105  7:56  SCV  
  110  8:00  SCV x3, Marine x2  
  105  8:12  SCV x2  
  108  8:13  SCV  
  108  8:16  Marine x2  
  108  8:17  Siege Tank  
  108  8:19  Armory  
  115  8:20  Terran Infantry Weapons Level 1  
  115  8:22  Engineering Bay, Barracks Tech Lab x2  
  115  8:24  SCV x2  
  115  8:25  SCV  
  115  8:26  Supply Depot  
  116  8:29  Supply Depot  
  116  8:34  Barracks  
  116  8:35  Barracks  
  116  8:36  SCV x2, Starport  
  117  8:56  Battlecruiser  
  117  8:58  Command Center  
  123  9:05  Stimpack, Marauder x2  
  123  9:07  Terran Infantry Armor Level 1  
  123  9:09  Command Center  
  127  9:16  Marine x2  
  132  9:27  Command Center  
  132  9:28  Missile Turret, Starport Reactor, Barracks Reactor, Barracks Tech Lab  
  127  9:35  SCV x3  
  118  9:44  Marauder x2, Siege Tank  
  118  9:45  Marine x2  
  124  9:47  SCV  
  124  9:51  Marauder, Concussive Shells, Combat Shield  
  127  9:55  Terran Ship Weapons Level 1  
  127  10:02  Marine  
  127  10:03  Marine, Battlecruiser  
  127  10:05  Marauder x2  
  127  10:06  Medivac x2  
  143  10:07  Marine x2  
  128  10:26  Marauder, Marine x2  
  128  10:27  Marauder, Marine x2  
  136  10:29  Marine  
  136  10:30  Siege Tank  
  137  10:42  Medivac x2  
  134  10:44  Marine x2  
  134  10:45  Marine x2  
  134  10:47  Marauder x2  
  134  10:48  Marauder  
  135  11:02  Marine x2  
  135  11:03  Marine x2  
  129  11:08  Marauder x2  
  129  11:09  Marauder  
  128  11:20  Marine x2, SCV x3  
  128  11:21  Marine x2, Planetary Fortress  
  135  11:27  Siege Tank  
  135  11:29  Medivac x3  
  135  11:30  Marauder x2  
  148  11:34  Marine  
  148  11:35  Missile Turret  
  148  11:40  Marine  
  148  11:44  SCV  
  148  11:45  SCV  
  148  11:46  SCV, Marine  
  148  11:48  Marine  
  148  11:50  Marine  
  148  11:52  Marine  
  148  11:53  Marauder  
  148  11:54  Marauder  
  148  12:01  Supply Depot  
  148  12:03  Supply Depot  
  148  12:04  Supply Depot  
  148  12:05  Marine x2, Medivac, Siege Tank  
  155  12:11  Terran Infantry Weapons Level 2  
  155  12:16  Marine  
  155  12:19  Refinery x2  
  155  12:22  Marine, Supply Depot  
  156  12:23  Marauder x3, Marine  
  156  12:24  Marine, Medivac  
  167  12:34  Marine  
  170  12:37  Command Center  
  170  12:40  Missile Turret, Sensor Tower, Marine  
  170  12:41  Marine  
  170  12:42  Marine  
  170  12:43  Medivac, Siege Tank  
  178  12:44  Marine  
  179  12:52  Terran Infantry Armor Level 2  
  177  12:59  Viking x2  
  177  13:04  Marauder x2  
  187  13:05  Marauder  
  187  13:20  Ghost Academy  
  187  13:22  Viking, Siege Tank  
  187  13:25  Barracks  
  192  13:27  Barracks  
  192  13:37  Missile Turret  
  192  13:42  Viking x2  
  186  13:48  Command Center  
  186  13:52  Viking  
  186  13:54  Terran Vehicle Weapons Level 1, Ghost x2  
  186  13:55  Ghost  
  194  13:57  Personal Cloaking  
  176  14:20  Barracks Tech Lab x2  
  176  14:22  Siege Tank  
  176  14:23  Ghost x3  
  184  14:29  Command Center  
  177  14:50  Marauder x2, Marine x2  
  177  14:51  Marine, Ghost  
  174  14:54  Planetary Fortress  
  174  14:58  SCV x4  
  171  15:07  Refinery x2  
  171  15:08  Marine x2  
  171  15:09  Marine x2  
  171  15:10  SCV  
  171  15:11  Marine  
  177  15:16  Marine  
  170  15:22  Ghost Academy, Ghost x3  
  170  15:23  Ghost Academy, Nuke  
  170  15:26  Siege Tank  
  179  15:32  Viking x2  
  179  15:36  Marauder x2  
  183  15:44  Sensor Tower  
  167  15:51  Marauder  
  167  15:52  Marauder x2  
  170  15:58  SCV x5, Siege Tank  
  170  16:02  Orbital Command  
  178  16:07  Liberator x2  
  184  16:12  Planetary Fortress  
  184  16:16  Missile Turret  
  184  16:18  Refinery  
  184  16:19  Refinery  
  184  16:21  Ghost  
  186  16:25  Sensor Tower  
  186  16:27  Ghost  
  186  16:30  Nuke  
  186  16:31  Nuke  
  186  16:41  SCV x3  
  186  16:44  Ghost  
  187  16:48  Sensor Tower  
  187  16:52  Liberator  
  190  16:54  Liberator  
  190  16:58  Fusion Core  
  190  16:59  Marauder x2  
  190  17:00  Nuke  
  188  17:02  Marauder  
  188  17:05  Ghost  
  190  17:13  Ghost  
  190  17:21  Marauder  
  184  17:26  Ghost x2  
  184  17:28  Nuke  
  184  17:29  Marine x3  
  187  17:33  Marine  
  187  17:34  Marauder  
  188  17:42  Marine x2  
  186  17:47  Marine x3  
  186  17:49  Nuke  
  189  17:53  Terran Ship Weapons Level 2, Advanced Ballistics  
  189  17:55  Nuke  
  189  17:56  Marauder x2  
  189  17:57  Marauder  
  193  18:00  Marauder x2  
  193  18:03  Ghost Academy  
  197  18:06  Marine x2  
  197  18:17  Marauder x2  
  197  18:21  Marauder x2  
  197  18:25  Marine  
  197  18:31  Marauder  
  197  18:34  Liberator x2  
  189  18:37  Nuke  
  189  18:38  Marauder  
  199  18:47  Nuke  
  199  18:48  Ghost x2  
  196  18:49  Marauder  
  196  18:55  Marine x2, Marauder  
  200  19:00  Marauder  
  192  19:10  Marauder  
  192  19:13  Marine x2  
  192  19:16  Marauder  
  188  19:17  Nuke  
  188  19:21  Marauder, Ghost  
  188  19:22  Marine x2  
  194  19:31  Marauder x2  
  196  19:34  Nuke  
  196  19:38  Marauder  
  200  19:43  Marauder  
  198  19:47  Marine  
  198  19:50  Marauder  
  183  20:06  Marauder  
  183  20:07  Marauder  
  183  20:13  Marauder  
  159  20:14  Marine x2  
  159  20:17  Marauder  
  159  20:18  Marine  
  159  20:19  Marine x2  
  159  20:21  Medivac x2, Siege Tank  
  158  20:26  Marine  
  158  20:27  Nuke x3  
  155  20:28  Marauder  
  155  20:32  Marine x2  
  155  20:33  Command Center  
  155  20:35  Marauder  
  157  20:36  Marine x2  
  157  20:37  Marauder  
  157  20:38  Marauder  
  163  20:44  Ghost  
  163  20:49  Marine, Ghost  
  167  20:50  Marine  
  167  20:51  Liberator  
  167  20:56  Marauder  
  167  20:57  Marine x2  
  167  20:59  Marauder, Ghost  
  167  21:00  Liberator  
  167  21:02  Siege Tank  
  179  21:09  Marine  
  180  21:12  Ghost  
  180  21:15  Starport  
  180  21:17  Ghost  
  186  21:18  Marauder  
  186  21:20  Marauder  
  186  21:28  Marauder  
  188  21:33  Liberator  
  191  21:40  Marauder  
  191  21:41  Marauder  
  191  21:42  Marauder  
  191  21:43  Liberator  
  191  21:46  Marauder  
  196  21:47  Siege Tank  
  199  22:04  Ghost  
  193  22:14  Marine x2, Marauder x2  
  175  22:19  Marauder, Marine x2  
  170  22:23  Marauder  
  161  22:32  Marine x2  
  161  22:33  Marine  
  161  22:35  Marine x2  
  161  22:37  Marine x2  
  154  22:39  Marine  
  154  22:43  Liberator x2, Siege Tank  
  154  22:44  Marine  
  163  22:50  Marine x2  
  163  22:51  Marine  
  160  22:53  Marine x2  
  160  22:54  Marine x2  
  160  22:57  Marine  
  166  23:02  Marine  
  165  23:06  Missile Turret  
  165  23:07  Marine  
  165  23:08  Marine  
  165  23:09  Liberator, Marauder  
  165  23:10  Ghost x2  
  165  23:11  Planetary Fortress  
  165  23:12  Marine x2  
  177  23:15  Ghost  
  177  23:19  Ghost  
  177  23:25  Marine, Missile Turret  
  178  23:31  Marauder  
  178  23:37  Marine  
  178  23:38  Marine x2  
  185  23:42  SCV x3  
  190  23:55  Liberator  
  190  23:57  Liberator  
  184  24:11  SCV x2  
  184  24:16  Liberator  
  187  24:19  Ghost x2  
  187  24:21  Siege Tank  
  194  24:25  Marauder x2, Missile Turret  
  194  24:26  Refinery x2  
  194  24:27  Marine  
  194  24:30  Marine x2  
  198  24:32  Marine x2  
  199  24:38  Liberator  
  199  24:45  Marine  
  200  24:48  Marine  
  200  24:49  Missile Turret  
  200  24:52  Rapid Reignition System  
  200  25:02  Command Center, Nuke x3  
  191  25:17  Marauder  
  191  25:19  Marauder x3  
  191  25:20  Liberator x2  
  168  25:21  Liberator  
  168  25:22  Siege Tank  
  168  25:23  Marine x2  
  168  25:24  Marauder  
  168  25:27  Marine  
  176  25:30  Marine  
  171  25:38  Marine  
  171  25:40  Marine  
  171  25:41  Marauder, Marine x2  
  177  25:44  Marauder  
  177  25:45  Marauder  
  178  25:55  Ghost  
  182  26:08  Liberator  
  182  26:09  Liberator x2  
  182  26:10  Ghost  
  189  26:34  Marine x2  
  195  26:40  Marauder x2, Missile Turret  
  195  26:41  Missile Turret  
  195  26:50  Marauder  
  195  26:51  Liberator x2  
  195  26:52  Liberator, Marauder, Marine x2  
  197  27:00  Planetary Fortress  
  194  27:14  Marauder x2  
  194  27:15  Marine  
  166  27:22  Marine  
  166  27:23  Marine  
  166  27:28  Marine  
  166  27:29  Marine  
  167  27:30  Marine  
  167  27:33  Marine  
  167  27:34  Liberator  
  166  27:37  Marauder  
  153  27:45  Ghost  
  153  27:46  Ghost  
  153  27:50  Medivac x2  
  153  27:51  Ghost  
  149  27:58  Ghost  
  141  28:13  Marine  
  141  28:14  Marine, Marauder  
  141  28:15  Marine x2, Ghost  
  141  28:17  SCV, Medivac  
  141  28:18  SCV  
  141  28:19  SCV  
  144  28:20  Marauder  
  144  28:22  SCV x2  
  144  28:25  SCV  
  144  28:26  Ghost  
  149  28:32  Marine x2  
  153  28:35  Marauder  
  153  28:39  Marine x2  
  149  28:42  Marauder  
  149  28:43  Marine  
  150  28:50  Marine x2  
  150  28:55  Liberator  
  153  28:56  Marauder, Marine  
  153  28:57  Marine x2  
  153  29:02  Marauder  
  153  29:04  Marine  
  153  29:08  Marine x2  
  151  29:14  Marine  
  151  29:15  Marine x2  
  144  29:17  Marauder  
  144  29:19  Liberator  
  146  29:24  Liberator  
  146  29:27  Siege Tank  
  146  29:30  Marauder  
  151  29:34  Marauder  
  151  29:37  Marauder  
  151  29:43  Marauder  
  151  29:44  Marine x2  
  151  29:45  Marine x2  
  136  29:51  Marine  
Tags
 
Add a new tag
Caveats
  • Supply blocks, unpowered buildings, or Contaminate may cause inaccurate times.
  • Supply counts are checked every 10 seconds.